3AA
SQUIRREL HILL PIEROGIS @ ATHLETIC CLUB KC ACADEMY
08/10/2042
 
TOP OF THE 1ST
Squirrel Hill Pierogis batting - Pitching for Athletic Club KC Academy : RHP Bob Wheelock
Pitching: RHP Bob Wheelock
Batting: LHB Luis Escribano 0-0: Ground out 4-3 (Groundball, 4, EV 103.8 MPH)
Batting: SHB Aubrey Magee 0-0: Ball
1-0: Called Strike
1-1: Ball
2-1: Foul Ball, location: 2F
2-2: Ball
3-2: Fly out, F9 (Flyball, 9LMF, EV 105.0 MPH)
Batting: RHB Félix Pacheco 0-0: Foul Ball, location: 2F
0-1: Foul Ball, location: 2F
0-2: Ball
1-2: Ball
2-2: Ground out 5-3 (Groundball, 56, EV 95.0 MPH)
Top of the 1st over - 0 runs, 0 hits, 0 errors, 0 left on base; Squirrel Hill 0 - Athletic Club KC Academy 0
BOTTOM OF THE 1ST
Athletic Club KC Academy batting - Pitching for Squirrel Hill Pierogis : RHP Todd Hunter
Pitching: RHP Todd Hunter
Batting: RHB Daniel Hannaford 0-0: Called Strike
0-1: Swinging Strike
0-2: Ball
1-2: Foul Ball, location: 2F
1-2: Fly out, F9 (Flyball, 9LS, EV 93.8 MPH)
Batting: SHB Tosya Mndoyants 0-0: Ball
1-0: Ball
2-0: Called Strike
2-1: SINGLE (Flyball, 8LS, EV 90.6 MPH)
Batting: RHB Neal Lewis 0-0: Called Strike
0-1: Ball
1-1: Called Strike
1-2: Ball
2-2: DOUBLE (Line Drive, 7LD, EV 102.5 MPH)
Tosya Mndoyants to third
Batting: RHB Tim Hendricks 0-0: Ball
1-0: Ball
2-0: Ball
3-0: Base on Balls
Batting: LHB Carl Zimerman 0-0: Called Strike
0-1: Fielders Choice at 2nd, 5-4 (Groundball, 56, EV 100.0 MPH)
Tosya Mndoyants scores
Neal Lewis to third
Batting: SHB Ross Evans 0-0: Ball
1-0: Foul Ball, location: 2F
1-1: Ball
2-1: Swinging Strike
2-2: Foul Ball, location: 2F
2-2: Foul Ball, location: 2F
2-2: Ball
3-2: Foul Ball, location: 2F
3-2: Strikes out swinging
Bottom of the 1st over - 1 run, 2 hits, 0 errors, 2 left on base; Squirrel Hill 0 - Athletic Club KC Academy 1
TOP OF THE 2ND
Squirrel Hill Pierogis batting - Pitching for Athletic Club KC Academy : RHP Bob Wheelock
Batting: RHB Franck Morel 0-0: Foul Ball, location: 2F
0-1: Called Strike
0-2: SINGLE (Groundball, 6D, EV 101.9 MPH)
Batting: RHB Ryan McCarty 0-0: Foul Ball, location: 2F
0-1: Ball
1-1: Ball
2-1: Swinging Strike
2-2: Fielders Choice at 2nd, 6-4 (Groundball, 6, EV 85.0 MPH)
Batting: RHB Cristóbal Arteaga 0-0: Called Strike
Ryan McCarty steals 2nd base (no throw)
0-1: Ball
1-1: SINGLE (Groundball, 4S, EV 56.2 MPH) (infield hit)
Ryan McCarty to third
Batting: RHB Brian Martin 0-0: Ball
Cristóbal Arteaga steals 2nd base
1-0: Called Strike
1-1: Fly out, F8 (Flyball, 8LM, EV 79.4 MPH)
Runner from 3rd tags up, SCORES, no throw by CF
Batting: RHB David Ferris 0-0: Ball
1-0: SINGLE (Groundball, 6MD, EV 100.0 MPH)
Cristóbal Arteaga to third
Runner from 3rd tries for Home, throw by CF and OUT! 8-2
Top of the 2nd over - 1 run, 3 hits, 0 errors, 1 left on base; Squirrel Hill 1 - Athletic Club KC Academy 1
BOTTOM OF THE 2ND
Athletic Club KC Academy batting - Pitching for Squirrel Hill Pierogis : RHP Todd Hunter
Batting: RHB Kalikiano Keiki 0-0: Ball
1-0: Called Strike
1-1: Ball
2-1: Called Strike
2-2: Ground out 4-3 (Groundball, 4M, EV 88.8 MPH)
Batting: LHB Octávio Castaneda 0-0: Ground out 4-3 (Groundball, 4, EV 78.1 MPH)
Batting: RHB Matt Evans 0-0: Called Strike
0-1: Foul Ball, location: 2F
0-2: Foul Ball, location: 2F
0-2: Ball
1-2: Strikes out swinging
Bottom of the 2nd over - 0 runs, 0 hits, 0 errors, 0 left on base; Squirrel Hill 1 - Athletic Club KC Academy 1
TOP OF THE 3RD
Squirrel Hill Pierogis batting - Pitching for Athletic Club KC Academy : RHP Bob Wheelock
Batting: RHB Si-xun Jin 0-0: Ball
1-0: Ball
2-0: Called Strike
2-1: DOUBLE (Flyball, 78D, EV 108.8 MPH)
Batting: LHB Luis Escribano 0-0: Ball
1-0: Ball
2-0: Ground out 3-1 (Groundball, 34, EV 85.0 MPH)
Si-xun Jin to third
Batting: SHB Aubrey Magee 0-0: Ball
1-0: Ball
2-0: Ball
3-0: Base on Balls
Batting: RHB Félix Pacheco 0-0: Ball
1-0: Called Strike
1-1: 3-RUN HOME RUN (Flyball, 7LD, EV 103.8 MPH), Distance : 332 ft
Batting: RHB Franck Morel 0-0: Swinging Strike
0-1: Ground out 6-3 (Groundball, 6, EV 80.0 MPH)
Batting: RHB Ryan McCarty 0-0: DOUBLE (Line Drive, 78D, EV 113.8 MPH)
Batting: RHB Cristóbal Arteaga 0-0: Called Strike
0-1: Ground out U3 (Groundball, 3L, EV 85.0 MPH)
Top of the 3rd over - 3 runs, 3 hits, 0 errors, 1 left on base; Squirrel Hill 4 - Athletic Club KC Academy 1
BOTTOM OF THE 3RD
Athletic Club KC Academy batting - Pitching for Squirrel Hill Pierogis : RHP Todd Hunter
Batting: RHB Daniel Hannaford 0-0: Ball
1-0: Ground out 6-3 (Groundball, 6, EV 82.5 MPH)
Batting: SHB Tosya Mndoyants 0-0: Ball
1-0: Called Strike
1-1: Foul Ball, location: 2F
1-2: Ball
2-2: Ground out 1-3 (Groundball, 34S, EV 90.6 MPH)
Batting: RHB Neal Lewis 0-0: Called Strike
0-1: Ball
1-1: Foul Ball, location: 2F
1-2: Ball
2-2: DOUBLE (Flyball, 8RXD, EV 98.8 MPH)
Batting: RHB Tim Hendricks 0-0: Swinging Strike
0-1: SINGLE (Line Drive, 56D, EV 96.2 MPH)
Neal Lewis to third
Runner from 3rd tries for Home, SAFE, no throw by LF
Batting: LHB Carl Zimerman 0-0: Fly out, F9 (Flyball, 9LMF, EV 90.0 MPH)
Bottom of the 3rd over - 1 run, 2 hits, 0 errors, 1 left on base; Squirrel Hill 4 - Athletic Club KC Academy 2
TOP OF THE 4TH
Squirrel Hill Pierogis batting - Pitching for Athletic Club KC Academy : RHP Bob Wheelock
Batting: RHB Brian Martin 0-0: Ball
1-0: Swinging Strike
1-1: Foul Ball, location: 2F
1-2: Ball
2-2: Ball
3-2: Strikes out swinging
Batting: RHB David Ferris 0-0: Ground out 1-3 (Groundball, 15, EV 83.8 MPH)
Batting: RHB Si-xun Jin 0-0: Foul Ball, location: 2F
0-1: Ground out 5-3 (Groundball, 56, EV 83.8 MPH)
Top of the 4th over - 0 runs, 0 hits, 0 errors, 0 left on base; Squirrel Hill 4 - Athletic Club KC Academy 2
BOTTOM OF THE 4TH
Athletic Club KC Academy batting - Pitching for Squirrel Hill Pierogis : RHP Todd Hunter
Batting: SHB Ross Evans 0-0: Ball
1-0: Foul Ball, location: 2F
1-1: Ball
2-1: Ball
3-1: Called Strike
3-2: Fly out, F9 (Flyball, 89M, EV 93.8 MPH)
Batting: RHB Kalikiano Keiki 0-0: Ball
1-0: Fly out, F8 (Line Drive, 8LD, EV 101.9 MPH)
Batting: LHB Octávio Castaneda 0-0: Called Strike
0-1: Called Strike
0-2: Foul Ball, location: 2F
0-2: Foul Ball, location: 2F
0-2: Fly out, F7 (Flyball, 7LMF, EV 81.2 MPH)
Bottom of the 4th over - 0 runs, 0 hits, 0 errors, 0 left on base; Squirrel Hill 4 - Athletic Club KC Academy 2
TOP OF THE 5TH
Squirrel Hill Pierogis batting - Pitching for Athletic Club KC Academy : RHP Bob Wheelock
Batting: LHB Luis Escribano 0-0: Ball
1-0: SINGLE (Groundball, 4MD, EV 99.4 MPH)
Batting: SHB Aubrey Magee 0-0: Bunted foul
0-1: Sac Bunt to 15 - play at first, batter OUT! 1-4
Luis Escribano to second
Batting: RHB Félix Pacheco 0-0: Ground out 4-3 (Groundball, 4, EV 86.2 MPH)
Luis Escribano to third
Batting: RHB Franck Morel 0-0: Ball
Passed Ball!
Luis Escribano scores
1-0: Called Strike
1-1: Fly out, F3 (Line Drive, 3, EV 71.9 MPH)
Top of the 5th over - 1 run, 1 hit, 0 errors, 0 left on base; Squirrel Hill 5 - Athletic Club KC Academy 2
BOTTOM OF THE 5TH
Athletic Club KC Academy batting - Pitching for Squirrel Hill Pierogis : RHP Todd Hunter
Batting: RHB Matt Evans 0-0: Ball
1-0: Called Strike
1-1: Called Strike
1-2: SINGLE (Flyball, 78S, EV 89.4 MPH)
Batting: RHB Daniel Hannaford 0-0: Fly out, F4 (Popup, 4, EV 76.2 MPH)
Batting: SHB Tosya Mndoyants 0-0: Called Strike
0-1: Ball
1-1: Ball
2-1: Ball
3-1: DOUBLE (Line Drive, 9LM, EV 106.2 MPH)
Matt Evans to third
Batting: RHB Neal Lewis 0-0: Called Strike
0-1: Fly out, F8 (Flyball, 8RD, EV 99.4 MPH)
Runner from 3rd tags up, SCORES, throw by CF
Tosya Mndoyants to third
Batting: RHB Tim Hendricks 0-0: Called Strike
0-1: Fly out, F7 (Line Drive, 7, EV 90.6 MPH)
Bottom of the 5th over - 1 run, 2 hits, 0 errors, 1 left on base; Squirrel Hill 5 - Athletic Club KC Academy 3
TOP OF THE 6TH
Squirrel Hill Pierogis batting - Pitching for Athletic Club KC Academy : RHP Bob Wheelock
Batting: RHB Ryan McCarty 0-0: Called Strike
0-1: Fly out, F7 (Flyball, 7D, EV 94.4 MPH)
Batting: RHB Cristóbal Arteaga 0-0: Ball
1-0: Hit by Pitch
Batting: RHB Brian Martin 0-0: Ball
Cristóbal Arteaga steals 2nd base
1-0: Ball
2-0: Fly out, F4 (Popup, 34, EV 63.8 MPH)
Batting: RHB David Ferris 0-0: Ball
1-0: Ball
2-0: Foul Ball, location: 2F
2-1: SINGLE (Groundball, 56D, EV 98.8 MPH)
Cristóbal Arteaga to third
Runner from 3rd tries for Home, SAFE, throw by LF to home
Batting: RHB Si-xun Jin 0-0: Ball
1-0: Fly out, F9 (Flyball, 89D, EV 108.8 MPH)
Top of the 6th over - 1 run, 1 hit, 0 errors, 1 left on base; Squirrel Hill 6 - Athletic Club KC Academy 3
BOTTOM OF THE 6TH
Athletic Club KC Academy batting - Pitching for Squirrel Hill Pierogis : RHP Todd Hunter
Batting: LHB Carl Zimerman 0-0: Ball
1-0: Ball
2-0: Ball
3-0: Called Strike
3-1: Called Strike
3-2: Base on Balls
Batting: SHB Ross Evans 0-0: Ball
1-0: Foul Ball, location: 2F
1-1: Foul Ball, location: 2F
1-2: Fielders Choice at 2nd, 1-4 (Groundball, 15, EV 93.1 MPH)
Pitching: RHP Artie O'Neal
Batting: RHB Kalikiano Keiki 0-0: Ball
1-0: Foul Ball, location: 2F
1-1: Called Strike
1-2: Ball
2-2: Foul Ball, location: 2F
2-2: Foul Ball, location: 2F
2-2: Hit by Pitch
Ross Evans to second
Batting: LHB Octávio Castaneda 0-0: DOUBLE (Line Drive, 89D, EV 105.6 MPH)
Ross Evans scores
Kalikiano Keiki to third
Batting: RHB Matt Evans 0-0: Called Strike
0-1: Ball
1-1: Ball
2-1: Ball
3-1: Base on Balls
Batting: RHB Daniel Hannaford 0-0: Grounds into fielders choice 6-2 (Groundball, 6, EV 81.9 MPH)
Octávio Castaneda to third
Matt Evans to second
Batting: SHB Tosya Mndoyants 0-0: Ball
1-0: Swinging Strike
1-1: Called Strike
1-2: Ball
2-2: Ground out 6-3 (Groundball, 4M, EV 86.9 MPH)
Bottom of the 6th over - 1 run, 1 hit, 0 errors, 3 left on base; Squirrel Hill 6 - Athletic Club KC Academy 4
TOP OF THE 7TH
Squirrel Hill Pierogis batting - Pitching for Athletic Club KC Academy : RHP Bob Wheelock
Pitching: LHP Jorge Guarte
Batting: LHB Luis Escribano 0-0: Foul Ball, location: 2F
0-1: Ball
1-1: Foul Ball, location: 2F
1-2: Ball
2-2: Strikes out swinging
Batting: SHB Aubrey Magee 0-0: Ball
1-0: Fly out, F9 (Flyball, 9S, EV 83.1 MPH)
Batting: RHB Félix Pacheco 0-0: Ball
1-0: Foul Ball, location: 2F
1-1: Fly out, F9 (Line Drive, 9, EV 91.9 MPH)
Top of the 7th over - 0 runs, 0 hits, 0 errors, 0 left on base; Squirrel Hill 6 - Athletic Club KC Academy 4
BOTTOM OF THE 7TH
Athletic Club KC Academy batting - Pitching for Squirrel Hill Pierogis : RHP Artie O'Neal
Batting: RHB Neal Lewis 0-0: SINGLE (Line Drive, 78S, EV 95.0 MPH)
Batting: RHB Tim Hendricks 0-0: Called Strike
0-1: Ball
1-1: Ball
2-1: Ball
3-1: Called Strike
3-2: Foul Ball, location: 2F
3-2: Foul Ball, location: 2F
3-2: Foul Ball, location: 2F
3-2: Foul Ball, location: 2F
3-2: Strikes out swinging
Neal Lewis steals 2nd base
Batter strikes out.
Batting: LHB Carl Zimerman 0-0: Foul Ball, location: 2F
0-1: Ball
1-1: Ball
2-1: Foul Ball, location: 2F
2-2: Foul Ball, location: 2F
2-2: Foul Ball, location: 2F
2-2: Foul Ball, location: 2F
2-2: Foul Ball, location: 2F
2-2: Foul Ball, location: 2F
2-2: Fly out, F8 (Flyball, 8RS, EV 94.4 MPH)
Batting: SHB Ross Evans 0-0: Foul Ball, location: 2F
0-1: Ball
1-1: Called Strike
1-2: Strikes out swinging
Bottom of the 7th over - 0 runs, 1 hit, 0 errors, 1 left on base; Squirrel Hill 6 - Athletic Club KC Academy 4
TOP OF THE 8TH
Squirrel Hill Pierogis batting - Pitching for Athletic Club KC Academy : LHP Jorge Guarte
Batting: RHB Franck Morel 0-0: SINGLE (Line Drive, 8LS, EV 90.6 MPH)
Batting: RHB Ryan McCarty 0-0: Called Strike
0-1: Swinging Strike
0-2: Strikes out swinging
Batting: RHB Cristóbal Arteaga 0-0: Called Strike
0-1: Ball
1-1: Ball
2-1: Foul Ball, location: 2F
2-2: Strikes out swinging
Batting: RHB Brian Martin 0-0: Fielders Choice at 2nd, 5-4 (Groundball, 56, EV 92.5 MPH)
Top of the 8th over - 0 runs, 1 hit, 0 errors, 1 left on base; Squirrel Hill 6 - Athletic Club KC Academy 4
BOTTOM OF THE 8TH
Athletic Club KC Academy batting - Pitching for Squirrel Hill Pierogis : RHP Artie O'Neal
Batting: RHB Kalikiano Keiki 0-0: Called Strike
0-1: Ball
1-1: Foul Ball, location: 2F
1-2: Ball
2-2: Foul Ball, location: 2F
2-2: Foul Ball, location: 2F
2-2: Foul Ball, location: 2F
2-2: Ball
3-2: Base on Balls
Pitching: RHP Edward Swetnam
Batting: LHB Octávio Castaneda 0-0: Ball
1-0: Ball
2-0: Called Strike
2-1: Foul Ball, location: 2F
2-2: Ball
3-2: Base on Balls
Kalikiano Keiki to second
Pinch Hitting: LHB Ron Whitney 0-0: Foul Ball, location: 2F
0-1: Ball
1-1: Foul Ball, location: 2F
1-2: Strikes out swinging
Batting: RHB Daniel Hannaford 0-0: Ball
1-0: Foul Ball, location: 2F
1-1: DOUBLE (Line Drive, 89D, EV 104.4 MPH)
Kalikiano Keiki scores
Octávio Castaneda to third
Batting: SHB Tosya Mndoyants 0-0: Called Strike
0-1: Ball
1-1: Ball
2-1: Swinging Strike
2-2: Ball
3-2: SINGLE (Groundball, 6MD, EV 105.6 MPH)
Octávio Castaneda scores
Daniel Hannaford to third
Runner from 3rd tries for Home, SAFE, throw by CF to home
Batting: RHB Neal Lewis 0-0: Ball
1-0: Ball
2-0: Ball
3-0: Called Strike
3-1: Fly out, F9 (Flyball, 89XD, EV 100.6 MPH)
Batting: RHB Tim Hendricks 0-0: Fielders Choice at 2nd, 5-4 (Groundball, 56, EV 85.0 MPH)
Bottom of the 8th over - 3 runs, 2 hits, 0 errors, 1 left on base; Squirrel Hill 6 - Athletic Club KC Academy 7
TOP OF THE 9TH
Squirrel Hill Pierogis batting - Pitching for Athletic Club KC Academy : LHP Jorge Guarte
Now at C: William Lane
Batting: RHB David Ferris 0-0: Ball
1-0: Ball
2-0: Called Strike
2-1: Ball
3-1: Base on Balls
Pitching: LHP José Núñez
Batting: RHB Si-xun Jin 0-0: Ball
1-0: Ball
2-0: Fly out, F3 (Popup, 3SF, EV 85.0 MPH)
Pinch Hitting: RHB Adam Cunningham 0-0: Called Strike
0-1: Foul Ball, location: 2F
0-2: Grounds into double play, 4-6-3 (Groundball, 4, EV 106.9 MPH)
Top of the 9th over - 0 runs, 0 hits, 0 errors, 0 left on base; Squirrel Hill 6 - Athletic Club KC Academy 7
Friday, March 26th, 2021 - OOTP Baseball 20.8 Build 74